 Dungeon Crawl Stone Soup version 0.27-a0-679-g77a6b55cf3 (webtiles) character file.

Game seed: 8289234077990004340

41 jestyr24 the Vexing (level 3, -5/37 HPs)
             Began as an Ogre Arcane Marksman on Mar 19, 2021.
             Slain by an orc warrior
             ... wielding a +0 mace
              (15 damage)
             ... on level 2 of the Dungeon.
             The game lasted 00:07:42 (2303 turns).

jestyr24 the Vexing (Ogre Arcane Marksman)          Turns: 2303, Time: 00:07:43

Health: -5/37      AC:  3    Str: 21    XL:     3   Next: 52%
Magic:  4/4        EV:  9    Int: 14    God:
Gold:   58         SH:  0    Dex:  9    Spells: 3/4 levels left

rFire    . . .     SeeInvis .   k - +0 club
rCold    . . .     Faith    .   (no shield)
rNeg     . . .     Spirit   .   a - +0 robe
rPois    .         Reflect  .   (helmet restricted)
rElec    .         Harm     .   (no cloak)
rCorr    .         Rampage  .   (gloves unavailable)
Will     .....                  (boots unavailable)
Stlth    +.........             (no amulet)
HPRegen  0.12/turn              o - +6 ring of strength
MPRegen  0.09/turn              (no ring)

@: no status effects
A: large, unfitting armour, tough skin 1
a: no special abilities


You were on level 2 of the Dungeon.
You visited 1 branch of the dungeon, and saw 2 of its levels.

You collected 58 gold pieces.

Inventory:

Hand Weapons
 k - a +0 club (weapon)
 l - a +0 dagger
Missiles
 c - a large rock (quivered)
 d - 2 throwing nets
 m - 27 sling bullets
 n - 46 stones
Armour
 a - a +0 robe (worn)
Jewellery
 o - a +6 ring of strength (right hand)
Scrolls
 b - a scroll of fear {unknown}
 e - 2 scrolls of magic mapping {unknown}
 f - a scroll of enchant armour {unknown}
 h - a scroll of identify {unknown}
 i - a scroll of silence {unknown}
 p - a scroll of immolation {unknown}
Potions
 g - 2 potions of might {unknown}
 j - a potion of attraction {unknown}


   Skills:
 + Level 3.3 Fighting
 - Level 2.0 Throwing
 - Level 1.7 Dodging
 - Level 1.2 Spellcasting
 + Level 3.4 Hexes


You had 3 spell levels left.
You knew the following spells:

 Your Spells              Type           Power      Damage    Failure   Level
a - Corona                Hex            11%        N/A       6%          1

Your spell library contained the following spells:

 Spells                   Type           Power      Damage    Failure   Level
 Slow                     Hex            10%        N/A       10%         2
 Confusing Touch          Hex            10%        N/A       19%         3
 Passwall                 Tmut/Erth      0%         N/A       36%         2
 Swiftness                Air            0%         N/A       36%         2
 Inner Flame              Hex/Fire       5%         N/A       36%         3
 Portal Projectile        Hex/Tloc       10%        N/A       36%         3
 Gell's Gravitas          Tloc           0%         N/A       61%         3
 Cause Fear               Hex            5%         N/A       54%         4
 Leda's Liquefaction      Hex/Erth       2%         N/A       77%         4
 Passage of Golubria      Tloc           N/A        N/A       95%         4
 Petrify                  Tmut/Erth      0%         N/A       95%         4
 Metabolic Englaciation   Hex/Ice        2%         N/A       98%         5
 Yara's Violent Unravell  Hex/Tmut       2%         3d3       98%         5
 Lee's Rapid Deconstruct  Erth           0%         3d5*      100%        5
 Invisibility             Hex            10%        N/A       100%        6


Dungeon Overview and Level Annotations

Branches:
Dungeon (2/15)

Altars:
Qazlal


Innate Abilities, Weirdness & Mutations

You are too large for most types of armour.
You have tough skin. (AC +1)


Message History

a +0 club; a kobold corpse; a frilled lizard corpse You start resting.
HP restored.
A frilled lizard comes into view.
The frilled lizard hisses angrily.
The frilled lizard bites you but does no damage.
You miss the frilled lizard. The frilled lizard misses you.
You closely miss the frilled lizard.
The frilled lizard bites you but does no damage.
You hit the frilled lizard.
You kill the frilled lizard!
e - 2 scrolls labelled EHYET RAOS (gained 1) 2 orcs, an orc warrior and an orc wizard come into view.
The orc warrior shouts!
The orc wizard shouts!
The orc shouts!
You barely miss the orc wizard.
The orc wizard gestures at itself while chanting.
The orc wizard flickers and vanishes!
Deactivating autopickup; reactivate with Ctrl-A.
You miss something. Something hits you. x2
Throw: 3 large rocks
Press: ? - help, Q - select action, (/) - cycle Shift-Dir - straight line, f - orc
Aim: an orc, wearing a +0 leather armour (56% to hit)
You throw a large rock.
The large rock closely misses the orc warrior.
The large rock hits the orc.
The orc is moderately wounded.
Something hits you.
Throw: 2 large rocks
Press: ? - help, Q - select action, (/) - cycle Shift-Dir - straight line, f/p - orc
Aim: an orc, wearing a +0 leather armour (56% to hit)
You throw a large rock.
The large rock closely misses the orc warrior.
The large rock hits the orc!
You kill the orc!
The orc warrior hits you with a +0 mace!!
Ouch! That really hurt!
* * * LOW HITPOINT WARNING * * *
You hit the orc warrior but do no damage.
The orc warrior hits you with a +0 mace!
You die...

......##.#.#####.......#
#####.##.......#.......#
#.####.###.#.......# #.#
#..# #...oo..# #.###.###
.#.# ###....§##.#o#
#######†....#..#.#
........._....##o#
......#.....####@#
......#§...☼# #.#
......###.#### #.#
.............# #.#
.........).###.#.#
#######........#.#
#....###.#.#
#.#..#####.#########
#.#.>..............#


You could see an orc warrior and an orc.

Vanquished Creatures
  An ooze (D:2)
  A worm (D:2)
  3 dart slugs
  An orc (D:2)
  4 bats
  2 giant cockroaches
  3 goblins
  3 hobgoblins (D:2)
  A kobold (D:2)
  A quokka (D:1)
  4 frilled lizards
  3 rats (D:1)
27 creatures vanquished.

Notes
Turn   | Place    | Note
-------+----------+-------------------------------------------
     0 | D:1      | jestyr24 the Ogre Arcane Marksman began the quest for the
                  | Orb.
     0 | D:1      | Reached XP level 1. HP: 19/19 MP: 2/2
   535 | D:1      | Reached XP level 2. HP: 24/29 MP: 3/3
  1325 | D:2      | Reached XP level 3. HP: 3/37 MP: 4/4
  1774 | D:2      | Found a stormy altar of Qazlal.
  2294 | D:2      | Noticed an orc warrior
  2303 | D:2      | Slain by an orc warrior

Illustrated notes

Levels and vault maps discovered:
D:1:      mrwooster_arrival_statue, layout_rooms
D:2:      layout_basic, grunt_qazlal_clouds, general_overflow_altar,
          uniq_terence

Skill      XL: |  1  2 |
---------------+-------+-----
Fighting       | 2 3 |  3.3
Hexes          | 3 |  3.4
Throwing       | |  2.0
Dodging        | |  1.7
Spellcasting   | |  1.2

Action                   || total
-------------------------++-------
Melee: Unarmed           ||    79
       Club              ||    98
Throw: Large rock        ||     3
Armor: Robe              ||    76
Dodge: Dodged            ||    95

Table legend: (Time is in decaauts)
 A = Elapsed time spent in this place.
 B = Non-inter-level travel time spent in this place.
 C = Inter-level travel time spent in this place.
 D = Time resting spent in this place.
 E = Time spent auto-exploring this place.
 F = Levels seen in this place.
 G = Mean time per level.
                   A        B        C        D        E       F      G
               +--------+--------+--------+--------+--------+-----+--------+
         Total |   2333 |   2320 |     13 |   1202 |    575 |   2 | 1166.5 |
       Dungeon |   2333 |   2320 |     13 |   1202 |    575 |   2 | 1166.5 |
               +--------+--------+--------+--------+--------+-----+--------+

Top non-repeatable levels by time:
     D:2: 1196 daAuts
     D:1: 1136 daAuts
